 Dungeon Crawl Stone Soup version 0.31.0-32-g396128a36d (webtiles) character file.

Game seed: 8064324447655121731

19064 jedibcg the Nimble (level 12, -1/94 HPs)
             Began as a Gnoll Hexslinger on Mar 11, 2024.
             Was the Champion of Jiyva.
             Slain by a jumping spider (5 damage)
             ... on level 1 of the Spider Nest.
             The game lasted 01:57:18 (11403 turns).

jedibcg the Nimble (Gnoll Hexslinger)              Turns: 11403, Time: 01:57:21

Health: -1/94      AC:  8    Str:  8    XL:     12   Next: 65%
Magic:  24/24      EV:  9    Int: 16    God:    Jiyva [******]
Gold:   561        SH:  0    Dex: 16    Spells: 19/28 levels left

rFire   . . .        r - +2 shortbow (freeze)
rCold   . . .        (shield currently unavailable)
rNeg    + . .        n - +1 troll leather armour
rPois   +            (no helmet)
rElec   .            k - +0 cloak
rCorr   +            h - +2 pair of gloves
SInv    .            (boots unavailable)
Will    .....        (no amulet)
Stlth   ++++         g - ring of positive energy
HPRegen 2.75/turn    l - ring of poison resistance
MPRegen 0.99/turn

%: no passive effects
@: lethally poisoned (-1 -> -2), about to teleport, held
A: fangs 1, strong nose, distributed training, hooves 3, wild magic 1, acidic
bite, pseudopods 1, sturdy frame 3, engulf
a: Renounce Religion, Oozemancy, Slimify


You were on level 1 of the Spider Nest.
You worshipped Jiyva.
Jiyva was exalted by your worship.
You visited 3 branches of the dungeon, and saw 14 of its levels.
You also visited: Ossuary.

You collected 561 gold pieces.

Inventory:

Hand Weapons
 a - a +2 sling of draining
 r - a +2 shortbow of freezing (weapon)
Missiles
 j - 4 poisoned darts (quivered)
 D - a curare-tipped dart
Armour
 h - a +2 pair of gloves (worn)
 k - a +0 cloak (worn)
 n - a +1 troll leather armour (worn)
Jewellery
 g - a ring of positive energy (left hand)
 l - a ring of poison resistance (right hand)
 Q - a ring of fire
Talismans
 I - a flux talisman
Wands
 d - a wand of polymorph (5)
 f - a wand of paralysis (1)
 m - a wand of digging (6)
 p - a wand of roots (15)
 H - a wand of flame (22)
Scrolls
 c - a scroll of enchant armour
 e - a scroll of enchant weapon
 q - a scroll of identify
 t - 3 scrolls of fear
 u - 2 scrolls of teleportation
Potions
 i - a potion of enlightenment
 o - a potion of berserk rage


   Skills:
 + Level 8.5 Fighting
 + Level 8.0 Short Blades
 + Level 8.0 Long Blades
 + Level 8.0 Axes
 + Level 8.0 Maces & Flails
 + Level 8.0 Polearms
 + Level 8.0 Staves
 + Level 9.3 Ranged Weapons
 + Level 8.0 Throwing
 + Level 8.0 Armour
 + Level 9.3 Dodging
 + Level 8.0 Stealth
 + Level 8.0 Shields
 + Level 8.0 Unarmed Combat
 + Level 8.6 Spellcasting
 + Level 6.7 Conjurations
 + Level 8.7 Hexes
 + Level 6.7 Summonings
 + Level 6.7 Necromancy
 + Level 6.7 Translocations
 + Level 7.1 Fire Magic
 + Level 6.7 Ice Magic
 + Level 6.7 Air Magic
 + Level 6.7 Earth Magic
 + Level 6.7 Alchemy
 + Level 8.8 Invocations
 + Level 8.0 Evocations
 + Level 7.3 Shapeshifting


You had 19 spell levels left.
You knew the following spells:

 Your Spells              Type           Power      Damage    Failure   Level
a - Summon Mana Viper     Hex/Summ       41%        N/A       17%         5
b - Dimensional Bullseye  Hex/Tloc       20%        N/A       7%          4

Your spell library contained the following spells:

 Spells                   Type           Power      Damage    Failure   Level
 Jinxbite                 Hex            90%        N/A       1%          2
 Sigil of Binding         Hex            45%        N/A       1%          3
 Inner Flame              Hex/Fire       42%        N/A       2%          3
 Cause Fear               Hex            22%        N/A       4%          4
 Summon Forest            Summ/Tloc      18%        N/A       26%         5
 Summon Cactus Giant      Summ           18%        N/A       78%         6


Dungeon Overview and Level Annotations

Branches:
Dungeon (11/15)            Temple (0/1) D:6            Lair (2/5) D:11
 Spider (1/4) Lair:2      Ossuary (visited)
  Swamp: Lair:2-3    Shoals: Lair:2-3       Orc: D:9-12

Altars:
Ashenzari
Fedhas
Gozag
Kikubaaqudgha
Makhleb
Okawaru
Trog
Vehumet
Xom
Yredelemnul
Jiyva

Shops:
D:3 *


Innate Abilities, Weirdness & Mutations

You have very sharp teeth.
Your uncanny sense of smell can sniff out nearby items.
Your experience applies equally to all skills.
You have hooves in place of feet.
Your spells are a little harder to cast, but a little more powerful.
You have acidic saliva.
Armour fits poorly on your pseudopods.
Your movements are significantly less encumbered by armour. (ER -6)
Your melee attacks may engulf your foes in ooze.


Message History

The wolf spider barely misses your mana viper.
The wolf spider closely misses your mana viper.
The jumping spider leaps!
The jumping spider barely misses you. The jumping spider bites you.
A torpor snail comes into view.
Being near the torpor snail leaves you feeling lethargic.
The wolf spider closely misses your mana viper.
The wolf spider barely misses your mana viper.
Your mana viper bites the wolf spider.
You are too injured to fight recklessly!
Read: scroll of poison
Press: ? - help, Q - select action, (/) - cycle Dir - look around, f - activate Look: a wolf spider (heavily wounded, not watching you, ally target)
The air fills with toxic fumes!
As you read the scroll of poison, it crumbles to dust.
You feel very sick.
The wolf spider hits your mana viper but does no damage.
The wolf spider misses your mana viper.
The tarantella touches you but does no damage.
The jumping spider pounces on you! The jumping spider barely misses you.
The wolf spider hits your mana viper!
Your mana viper dies!
Your mana viper disappears in a puff of smoke!
The wolf spider hits you!
The wolf spider bites you but does no damage.
The tarantella completely misses you. The jumping spider pounces on you.
* * * LOW HITPOINT WARNING * * *
The jumping spider bites you.
* * * LOW HITPOINT WARNING * * *
The wolf spider hits you.
* * * LOW HITPOINT WARNING * * *
The wolf spider bites you but does no damage.
The jumping spider leaps!
The tarantella touches you!
* * * LOW HITPOINT WARNING * * *
As you read the scroll of teleportation, it crumbles to dust.
You feel strangely unstable.
You feel yourself speed up.
You feel very sick. The jumping spider closely misses you.
The jumping spider bites you.
You die...

§§§ § .§§)# §
§§ §§§# §§
#§§∆ §#§#§§§
§#§. §§§§§
#§§§§###§s§#
§§§°§§§s§#^#
§§§§§§s@##.#
##§§§§#ssss#
∆ §§§§§
#^##§§§§§...
§###
.§§#.°§#§#...
...§§§..## ..
....§##§.##
## ...#§ .#.
#..#§...s ∆
#. .. ##


You could see 2 wolf spiders, 2 jumping spiders, 2 tarantellas and a redback.

Vanquished Creatures
  3 two-headed ogres
  An ugly thing (D:11)
  Joseph (D:8)
  A black mamba (Lair:2)
  A kobold demonologist (D:11)
  A komodo dragon (Lair:1)
  A troll (D:9)
  A polar bear (Lair:2)
  Prince Ribbit (D:8)
  Sigmund (D:3)
  A shadow (D:9)
  18 yaks
  A wyvern (D:9)
  Grum (D:11)
  2 acid dragons (D:11)
  7 water moccasins
  5 orc warriors
  2 black bears (D:8)
  An ice beast (D:6)
  A sky beast (D:8)
  2 ogres
  A phantom (D:7)
  4 centaurs
  A kobold brigand (D:8)
  5 bullfrogs
  A scorpion (D:5)
  6 wights
  2 howler monkeys
  A crimson imp (D:5)
  2 lava snakes (Lair:1)
  A hound (D:5)
  5 orc priests
  Crazy Yiuf (D:3)
  2 iguanas (D:4)
  3 sleepcaps
  2 hell rats (Lair:1)
  8 orc wizards
  4 hound zombies (Ossuary)
  A mummy (Ossuary)
  8 adders
  A shadow imp (D:8)
  3 white imps
  20 orcs
  2 bats (D:1)
  3 giant cockroaches
  4 gnoll zombies (Ossuary)
  5 goblins
  4 hobgoblins
  7 jackals (D:1)
  A quokka (D:2)
  6 ball pythons
  3 frilled lizards
  10 kobolds
  An orc zombie (Ossuary)
  6 rats
187 creatures vanquished.

Vanquished Creatures (collateral kills)
  A yaktaur captain (D:11)
  A tengu warrior (D:11)
  An orange crystal statue (Lair:1)
  2 orc knights (D:11)
  A black mamba (Lair:2)
  2 komodo dragons (Lair:1)
  2 trolls (D:11)
  A shadow (D:11)
  A jumping spider (Spider:1)
  A culicivora (Lair:2)
  6 yaks
  2 wyverns (D:11)
  A steam dragon (D:7)
  An acid dragon (D:11)
  A water moccasin (Lair:1)
  A black bear (D:8)
  A laughing skull (D:11)
  6 wolves (D:11)
  A centaur (D:11)
  2 wights (D:7)
  A howler monkey (D:11)
  An orc wizard (D:11)
  A hell rat (Lair:1)
  A mummy (Ossuary)
39 creatures vanquished.

Vanquished Creatures (others)
  Grinder (D:3)
  A slime creature (D:11)
  An ice beast (D:7)
  A weeping skull (Ossuary)
  2 burial acolytes (Ossuary)
  A howler monkey (D:4)
  57 jellies
  2 centaur zombies (Ossuary)
  A lava snake (Lair:1)
  2 hounds
  A human zombie (Ossuary)
  An iguana (D:4)
  2 hell rats (Lair:1)
  3 hound zombies (Ossuary)
  Robin (D:3)
  2 adders
  A white imp (D:6)
  2 ufetubi (D:4)
  A dart slug (D:3)
  3 orcs (D:3)
  4 ball pythons
  2 giant cockroaches
  8 goblins
  5 hobgoblins
  2 jackals (D:2)
  A kobold (D:2)
  2 quokkas
  3 bats
  A frilled lizard (D:2)
  2 gnoll zombies (Ossuary)
  An orc zombie (Ossuary)
  2 rats (D:2)
119 creatures vanquished.

Grand Total: 345 creatures vanquished

Notes
Turn   | Place    | Note
-------+----------+-------------------------------------------
     0 | D:1      | jedibcg the Gnoll Hexslinger began the quest for the Orb.
     0 | D:1      | Reached XP level 1. HP: 17/17 MP: 4/4
    27 | D:1      | Found a faded altar of an unknown god.
    36 | D:1      | Prayed at the altar of an unknown god.
    36 | D:1      | Became a worshipper of Jiyva Joblule the Shapeless
    36 | D:1      | Reached * piety under Jiyva
    92 | D:1      | Reached XP level 2. HP: 23/23 MP: 5/5
   281 | D:1      | Reached ** piety under Jiyva
   463 | D:1      | Reached XP level 3. HP: 28/28 MP: 7/7
  1193 | D:2      | Reached skill level 1 in Invocations
  1236 | D:2      | Reached *** piety under Jiyva
  1283 | D:2      | Gained mutation: Armour fits poorly on your pseudopods.
                  | [Jiyva's grace]
  1283 | D:2      | Gained mutation: Armour fits poorly on your large
                  | pseudopods. [Jiyva's grace]
  1283 | D:2      | Gained mutation: Armour fits poorly on your massive
                  | pseudopods. [Jiyva's grace]
  1283 | D:2      | Gained mutation: You are partially covered in iridescent
                  | scales. (AC +2) [Jiyva's grace]
  1303 | D:2      | Reached skill level 1 in Short Blades
  1303 | D:2      | Reached skill level 1 in Long Blades
  1303 | D:2      | Reached skill level 1 in Axes
  1303 | D:2      | Reached skill level 1 in Maces & Flails
  1303 | D:2      | Reached skill level 1 in Polearms
  1303 | D:2      | Reached skill level 1 in Staves
  1303 | D:2      | Reached skill level 1 in Throwing
  1303 | D:2      | Reached skill level 1 in Armour
  1303 | D:2      | Reached skill level 1 in Stealth
  1303 | D:2      | Reached skill level 1 in Shields
  1303 | D:2      | Reached skill level 1 in Unarmed Combat
  1303 | D:2      | Reached skill level 1 in Evocations
  1626 | D:3      | Noticed Sigmund
  1638 | D:3      | Killed Sigmund
  1639 | D:3      | Reached skill level 1 in Conjurations
  1639 | D:3      | Reached skill level 1 in Summonings
  1639 | D:3      | Reached skill level 1 in Necromancy
  1639 | D:3      | Reached skill level 1 in Translocations
  1639 | D:3      | Reached skill level 1 in Ice Magic
  1639 | D:3      | Reached skill level 1 in Air Magic
  1639 | D:3      | Reached skill level 1 in Earth Magic
  1639 | D:3      | Reached skill level 1 in Alchemy
  1639 | D:3      | Reached skill level 1 in Shapeshifting
  1639 | D:3      | Reached XP level 4. HP: 22/35 MP: 9/9
  1639 | D:3      | Reached XP level 5. HP: 26/41 MP: 10/10
  1649 | D:3      | Killed Robin
  1731 | D:3      | Reached XP level 6. HP: 47/47 MP: 11/11
  1771 | D:3      | Killed Grinder
  1844 | D:3      | Identified the orb of Starshine {*Rage, Will+}
  1938 | D:3      | Found Hufalos's General Store.
  2235 | D:3      | Found a runed translucent door.
  2238 | D:3      | Noticed Crazy Yiuf
  2247 | D:3      | Killed Crazy Yiuf
  2248 | D:3      | Reached skill level 5 in Ranged Weapons
  2248 | D:3      | Reached skill level 5 in Dodging
  2596 | D:4      | Found a basalt altar of Yredelemnul.
  2687 | D:4      | Reached **** piety under Jiyva
  3246 | D:5      | Entered Level 5 of the Dungeon
  3272 | D:5      | Found an iron altar of Okawaru.
  3309 | D:5      | Lost mutation: Armour fits poorly on your massive
                  | pseudopods. [Jiyva's grace]
  3309 | D:5      | Gained mutation: You have large cloven feet. [Jiyva's
                  | grace]
  3309 | D:5      | Gained mutation: You have hoof-like feet. [Jiyva's grace]
  3309 | D:5      | Gained mutation: You have hooves in place of feet. [Jiyva's
                  | grace]
  3309 | D:5      | Gained mutation: Your natural rate of healing is unusually
                  | fast. [Jiyva's grace]
  3392 | D:5      | Reached XP level 7. HP: 39/52 MP: 12/12
  3522 | D:5      | Found a shimmering altar of Xom.
  3522 | D:5      | Found a burning altar of Makhleb.
  3629 | D:5      | Found a blossoming altar of Fedhas.
  3939 | D:6      | Found a staircase to the Ecumenical Temple.
  4026 | D:6      | Found an opulent altar of Gozag.
  4052 | D:6      | Reached XP level 8. HP: 60/60 MP: 14/14
  4128 | D:6      | Reached ***** piety under Jiyva
  4344 | D:6      | Found a broken altar of Ashenzari.
  4968 | D:7      | Lost mutation: Your natural rate of healing is unusually
                  | fast. [Jiyva's grace]
  4968 | D:7      | Gained mutation: You have acidic saliva. [Jiyva's grace]
  4968 | D:7      | Gained mutation: Your body has grown eyes which may confuse
                  | attackers. (Acc +3) [Jiyva's grace]
  4968 | D:7      | Gained mutation: Your body has grown many eyes which may
                  | confuse attackers. (Acc +5) [Jiyva's grace]
  4968 | D:7      | Gained mutation: Your body is covered in eyes which may
                  | confuse attackers. (Acc +7, SInv) [Jiyva's grace]
  5177 | D:7      | Found a sand-covered staircase.
  5186 | Ossuary  | Entered an ossuary
  5580 | D:7      | Found an ancient bone altar of Kikubaaqudgha.
  5668 | D:7      | Reached skill level 5 in Spellcasting
  5668 | D:7      | Reached XP level 9. HP: 30/64 MP: 16/16
  5757 | D:8      | Reached skill level 5 in Conjurations
  5757 | D:8      | Reached skill level 5 in Summonings
  5757 | D:8      | Reached skill level 5 in Necromancy
  5757 | D:8      | Reached skill level 5 in Translocations
  5757 | D:8      | Reached skill level 5 in Fire Magic
  5757 | D:8      | Reached skill level 5 in Ice Magic
  5757 | D:8      | Reached skill level 5 in Air Magic
  5757 | D:8      | Reached skill level 5 in Earth Magic
  5757 | D:8      | Reached skill level 5 in Alchemy
  5757 | D:8      | Reached skill level 5 in Shapeshifting
  5757 | D:8      | Reached XP level 10. HP: 68/77 MP: 16/20
  5759 | D:8      | Noticed Prince Ribbit
  5762 | D:8      | Noticed a two-headed ogre
  5772 | D:8      | Killed a two-headed ogre
  5774 | D:8      | Killed Prince Ribbit
  5955 | D:8      | Found a bloodstained altar of Trog.
  6091 | D:8      | Noticed Joseph
  6120 | D:8      | Killed Joseph
  6799 | D:9      | Reached XP level 11. HP: 75/84 MP: 21/21
  6878 | D:9      | Reached ****** piety under Jiyva
  6905 | D:9      | Lost mutation: You are partially covered in iridescent
                  | scales. (AC +2) [Jiyva's grace]
  6905 | D:9      | Lost mutation: Your body is covered in eyes which may
                  | confuse attackers. (Acc +7, SInv) [Jiyva's grace]
  6905 | D:9      | Gained mutation: Your movements are slightly less
                  | encumbered by armour. (ER -2) [Jiyva's grace]
  6905 | D:9      | Gained mutation: Your movements are less encumbered by
                  | armour. (ER -4) [Jiyva's grace]
  6905 | D:9      | Gained mutation: Your movements are significantly less
                  | encumbered by armour. (ER -6) [Jiyva's grace]
  6905 | D:9      | Gained mutation: You are agile. (Dex +4, Str/Int -1)
                  | [Jiyva's grace]
  7481 | D:10     | Entered Level 10 of the Dungeon
  7534 | D:10     | Lost mutation: Your body has grown many eyes which may
                  | confuse attackers. (Acc +5) [potion of mutation]
  7534 | D:10     | Lost mutation: You have acidic saliva. [potion of mutation]
  7534 | D:10     | Lost mutation: Armour fits poorly on your large pseudopods.
                  | [potion of mutation]
  7534 | D:10     | Lost mutation: Your body has grown eyes which may confuse
                  | attackers. (Acc +3) [potion of mutation]
  7534 | D:10     | Gained mutation: You have a somewhat thin skeletal
                  | structure. (Dex +2, Stealth+) [potion of mutation]
  7755 | D:10     | Found a flagged portal.
  8007 | D:10     | Noticed a two-headed ogre
  8013 | D:10     | Killed a two-headed ogre
  8270 | D:11     | Noticed a yaktaur captain
  8277 | D:11     | Noticed an orc knight
  8281 | D:11     | Noticed an orc knight
  8282 | D:11     | Noticed a two-headed ogre
  8283 | D:11     | Noticed a tengu warrior
  8288 | D:11     | Killed a yaktaur captain
  8295 | D:11     | Killed a two-headed ogre
  8301 | D:11     | Killed a tengu warrior
  8303 | D:11     | Killed an orc knight
  8308 | D:11     | Killed an orc knight
  8330 | D:11     | Noticed a purple ugly thing
  8345 | D:11     | Killed a purple ugly thing
  8374 | D:11     | Reached XP level 12. HP: 92/92 MP: 24/24
  8500 | D:11     | Learned a level 5 spell: Summon Mana Viper
  8600 | D:11     | Noticed Grum
  8632 | D:11     | Killed Grum
  8663 | D:11     | Found a staircase to the Lair.
  8675 | Lair:1   | Entered Level 1 of the Lair of Beasts
  8736 | Lair:1   | Lost mutation: You have a somewhat thin skeletal structure.
                  | (Dex +2, Stealth+) [Jiyva's grace]
  8736 | Lair:1   | Lost mutation: You are agile. (Dex +4, Str/Int -1) [Jiyva's
                  | grace]
  8736 | Lair:1   | Lost mutation: Your movements are significantly less
                  | encumbered by armour. (ER -6) [Jiyva's grace]
  8736 | Lair:1   | Gained mutation: You have acidic saliva. [Jiyva's grace]
  8736 | Lair:1   | Gained mutation: Your melee attacks may engulf your foes in
                  | ooze. [Jiyva's grace]
  8736 | Lair:1   | Gained mutation: Your movements are significantly less
                  | encumbered by armour. (ER -6) [Jiyva's grace]
  8736 | Lair:1   | Gained mutation: Your spells are a little harder to cast,
                  | but a little more powerful. [Jiyva's grace]
  8754 | Lair:1   | Found a radiant altar of Vehumet.
  9896 | Lair:1   | Noticed a catoblepas
 10203 | Lair:1   | Learned a level 4 spell: Dimensional Bullseye
 10739 | Lair:1   | Noticed a boulder beetle
 11371 | Lair:2   | Found a hole to the Spider Nest.
 11386 | Spider:1 | Entered Level 1 of the Spider Nest
 11402 | Spider:1 | HP: 4/94 [tarantella[a torpor snail] (14)]
 11403 | Spider:1 | Slain by a jumping spider

Illustrated notes

Levels and vault maps discovered:
D:1:      dpeg_arrival_tiny_f, layout_basic, basic_ecumenical_altar,
          minmay_misc_feat_columns, hex_tiny, st_stairs_1, grunt_decor_clamped,
          minmay_misc_feat_tiny
D:2:      layout_loops_ring, minmay_pentomino_t2
D:3:      layout_basic, serial_shops, shop, minmay_statues_item, uniq_robin,
          uniq_sigmund, uniq_grinder, uniq_crazy_yiuf_cottage
D:4:      layout_basic, mainiacjoe_overflow_catwalk
D:5:      layout_cave_pools, kennysheep_mini,
          grunt_temple_overflow_champion_of_chaos, kennysheep_little_box
D:6:      layout_cave_pods, grunt_gozag_breadcrumbs,
          nicolae_overflow_hidden_temple, minmay_temple_entry_nine_rooms
D:7:      layout_loops_ring, mainiacjoe_overflow_brackets, enter_ossuary_1
D:8:      layout_loops_ring, trog_ov_bears_minmay, uniq_prince_ribbit1,
          uniq_joseph
D:9:      layout_irregular_city
D:10:     layout_grid_maze, enter_bailey_3, minmay_misc_feat_pillars,
          hangedman_abyss_or_decor_lesser_grid
D:11:     nzn_winding_woodlands_stair_cross [nzn_winding_woodlands_5x15_default,
          nzn_winding_woodlands_center_pierced_h,
          nzn_winding_woodlands_5x15_garden, nzn_winding_woodlands_5x5_default,
          nzn_winding_woodlands_5x5_closed_star,
          nzn_winding_woodlands_5x15_lazy_stream,
          nzn_winding_woodlands_center_lodge,
          nzn_winding_woodlands_5x15_pockets], layout_rooms,
          erik_lair_orcish_takeover, serial_corexii_hall,
          corexii_hall_statues_u, chequers_hall_statues_corner_a,
          corexii_hall_statues_i, corexii_hall_statues_s,
          minmay_misc_feat_four_crosses, uniq_grum
Lair:1:   layout_regular_city, basic_altar, disabler_island
Lair:2:   layout_regular_city, hellmonk_spider_entry_life_and_decay,
          grunt_megastairs_4, infiniplex_staircase_pool
Spider:1: layout_spider_delve, uniq_nikola, uniq_mlioglotl

Skill      XL: |  1  2  3  4  5  6  7  8  9 10 11 12 |
---------------+-------------------------------------+-----
Fire Magic     | 2 3 4 5 6 7 |  7.1
Invocations    | 2 3 4 6 7 8 |  8.8
Short Blades   | 1 2 3 4 6 7 8 |  8.0
Long Blades    | 1 2 3 4 6 7 8 |  8.0
Axes           | 1 2 3 4 6 7 8 |  8.0
Maces & Flails | 1 2 3 4 6 7 8 |  8.0
Polearms       | 1 2 3 4 6 7 8 |  8.0
Staves         | 1 2 3 4 6 7 8 |  8.0
Throwing       | 1 2 3 4 6 7 8 |  8.0
Armour         | 1 2 3 4 6 7 8 |  8.0
Stealth        | 1 2 3 4 6 7 8 |  8.0
Shields        | 1 2 3 4 6 7 8 |  8.0
Unarmed Combat | 1 2 3 4 6 7 8 |  8.0
Evocations     | 1 2 3 4 6 7 8 |  8.0
Fighting       | 3 4 6 7 8 |  8.5
Spellcasting   | 3 4 5 6 7 8 |  8.6
Conjurations   | 1 2 3 5 6 |  6.7
Summonings     | 1 2 3 5 6 |  6.7
Necromancy     | 1 2 3 5 6 |  6.7
Translocations | 1 2 3 5 6 |  6.7
Ice Magic      | 1 2 3 5 6 |  6.7
Air Magic      | 1 2 3 5 6 |  6.7
Earth Magic    | 1 2 3 5 6 |  6.7
Alchemy        | 1 2 3 5 6 |  6.7
Shapeshifting  | 1 2 3 5 6 7 |  7.3
Ranged Weapons | 5 6 7 8 9 |  9.3
Dodging        | 5 6 7 8 9 |  9.3
Hexes          | 6 7 8 |  8.7

Action                     |  1- 3 |  4- 6 |  7- 9 | 10-12 || total
---------------------------+-------+-------+-------+-------++-------
  Melee: Sling             |       |       |     4 |       ||     4
         Kick              |       |       |     1 |     3 ||     4
         Shortbow          |       |       |       |     9 ||     9
         Bite              |       |       |       |     1 ||     1
   Fire: Sling             |   103 |   108 |   270 |   405 ||   886
         Shortbow          |       |       |       |   899 ||   899
  Throw: Dart              |       |       |       |    11 ||    11
   Cast: Summon Mana Viper |       |       |       |    59 ||    59
         Dimensional Bulls |       |       |       |     1 ||     1
 Invoke: Oozemancy         |     1 |     1 |       |       ||     2
         Slimify           |       |       |     1 |     1 ||     2
  Evoke: Wand              |       |       |       |     2 ||     2
    Use: Scroll            |     4 |     4 |     6 |    13 ||    27
         Potion            |       |       |     3 |    15 ||    18
 Armour: Robe              |    27 |    33 |   116 |    70 ||   246
         Troll leather arm |       |       |       |   495 ||   495
  Dodge: Dodged            |    56 |    48 |   126 |   876 ||  1106
